 Seeded DCSS version 0.31-a0-1447-g87ca8d402b (webtiles) character file.

Game seed: 16090307882996012164 (custom seed)

31940 thriggle the Fighter (level 13, -11/160 HPs)
             Began as a Barachi Monk on Dec 28, 2023.
             Was an Initiate of Gozag.
             Mangled by Rupert
             ... wielding a +2 battleaxe of electrocution
              (24 damage)
             ... on level 14 of the Dungeon.
             The game lasted 01:02:13 (12256 turns).

thriggle the Fighter (Barachi Monk)                Turns: 12256, Time: 01:02:14

Health: -11/160    AC: 30    Str: 17    XL:     13   Next: 61%
Magic:  16/16      EV: 15    Int: 11    God:    Gozag
Gold:   3324       SH:  8    Dex: 15    Spells: 14/16 levels left

rFire   + + .        h - +9 lance "Wyrmbane" {slay drac, rPois rF+ rC+ AC+3}
rCold   + . .        p - +3 warlock's mirror {omnireflect}
rNeg    . . .        H - +1 ring mail {rF+}
rPois   +            F - +1 helmet {SInv}
rElec   .            T - +2 cloak {rCorr}
rCorr   +            V - +0 pair of gloves
SInv    +            m - +2 pair of boots
Will    .....        b - amulet of regeneration Stlth
                     l - +4 ring of protection
HPRegen 1.26/turn    K - ring of Okawaru, Teaching {AC+4 Slay+4}
MPRegen 0.15/turn

%: reflection
@: berserking (expiring), gold aura, very quick
A: amphibious, slowness 1, strong legs 2, +LOS, hooves 1
a: Hop, Renounce Religion, Potion Petition, Call Merchant, Bribe Branch


You were on level 14 of the Dungeon.
You worshipped Gozag.
Gozag was most pleased with you.
You visited 1 branch of the dungeon, and saw 14 of its levels.

You collected 4111 gold pieces.
You spent 514 gold pieces at shops.
You paid 273 gold pieces to Gozag.

Inventory:

Hand Weapons
 a - a +2 halberd of freezing
 h - the +9 lance "Wyrmbane" (weapon) {slay drac, rPois rF+ rC+ AC+3}
   (You took it off Maggie on level 8 of the Dungeon)

   AC+3:      It affects your AC (+3).
   rF+:       It protects you from fire.
   rC+:       It protects you from cold.
   rPois:     It protects you from poison
 J - the +7 trident "Voikydd" {flame, *Rage rCorr Int-4 SInv}
   (You found it on level 7 of the Dungeon)

   Int-4:     It affects your intelligence (-4).
   SInv:      It lets you see invisible.
   *Rage:     It berserks you when you make melee attacks (+20% chance).
   rCorr:     It protects you from acid and corrosion.
 L - a +3 trident
Missiles
 e - 2 atropa-tipped darts
 k - 85 stones (quivered)
 n - 6 curare-tipped darts
 u - 30 poisoned darts
 w - 12 boomerangs
 S - 2 throwing nets
Armour
 d - an orb of light
 m - a +2 pair of boots (worn)
 p - the +3 warlock's mirror (worn) {omnireflect}
   (You acquired it on level 9 of the Dungeon)

   Omnireflect: It can block and reflect piercing ranged attacks and magical
   attacks against the wielder's willpower.
 F - a +1 helmet of see invisible (worn)
 H - a +1 ring mail of fire resistance (worn)
 O - a +2 hat
 T - a +2 cloak of preservation (worn)
 V - a +0 pair of gloves (worn)
 Y - a +1 plate armour of poison resistance
Jewellery
 b - an amulet of regeneration (around neck)
 l - a +4 ring of protection (left hand)
 y - a ring of wizardry
 z - an amulet of guardian spirit
 D - a +6 ring of intelligence
 K - the ring of Okawaru, Teaching (right hand) {AC+4 Slay+4}
   (You found it on level 7 of the Dungeon)

   [ring of protection]

   AC+4:      It affects your AC (+4).
   Slay+4:    It affects your accuracy & damage with ranged weapons and melee
   (+4).
 Q - a +6 ring of strength
 X - a +6 ring of strength
Wands
 M - a wand of flame (7)
 P - a wand of polymorph (11)
 U - a wand of mindburst (3)
 Z - a wand of charming (4)
Scrolls
 g - 3 scrolls of revelation
 j - a scroll of fear
 r - 3 scrolls of immolation
 x - 3 scrolls of enchant weapon
 C - a scroll of fog
 E - 7 scrolls of teleportation
 G - a scroll of amnesia
Potions
 c - a potion of ambrosia
 f - a potion of berserk rage
 i - 3 potions of haste
 o - 4 potions of enlightenment
 q - a potion of heal wounds
 s - 3 potions of attraction
 t - 3 potions of might
 v - 6 potions of curing
 A - a potion of invisibility
 B - 3 potions of brilliance
 I - 3 potions of lignification
 N - 3 potions of mutation
 R - a potion of magic
 W - a potion of cancellation


   Skills:
 + Level 11.8 Fighting
 + Level 10.1 Polearms
 + Level 9.4 Throwing
 + Level 11.3 Armour
 + Level 10.7 Dodging
 + Level 6.4 Stealth
 + Level 5.9 Shields
 - Level 2.0 Spellcasting
 + Level 3.6 Evocations


You had 14 spell levels left.
You knew the following spells:

 Your Spells              Type           Power      Damage    Failure   Level
a - Scorch                Fire           2%         2d5       65%         2

Your spell library contained the following spells:

 Spells                   Type           Power      Damage    Failure   Level
 Dazzling Flash           Conj/Hex       2%         N/A       86%         3
 Mephitic Cloud           Conj/Alch/Air  1%         N/A       86%         3
 Animate Armour           Summ/Erth      2%         N/A       99%         4
 Flame Wave               Conj/Fire      1%         2d4       99%         4
 Summon Lightning Spire   Summ/Air       1%         N/A       99%         4
 Curse of Agony           Necr           1%         N/A       100%        5
 Lee's Rapid Deconstruct  Erth           0%         3d4*      100%        5
 Silence                  Hex/Air        0%         N/A       100%        5
 Summon Cactus Giant      Summ           0%         N/A       100%        6


Dungeon Overview and Level Annotations

Branches:
Dungeon (14/15)            Temple (0/1) D:4            Lair (0/5) D:9
    Orc (0/2) D:9          Vaults (0/5) D:14

Altars:
Gozag
Makhleb
Qazlal
Vehumet
Wu Jian
Xom
Yredelemnul

Shops:
D:2 =   D:4 !   D:13 [

Annotations:
D:10 2 runed translucent doors, MrSquiggles's ghost, journeyman MiFi
D:14 Rupert


Innate Abilities, Weirdness & Mutations

You are amphibious.
You cover ground slowly.
You can hop long distances.
You have an extended range of vision and can be seen from far away.
You have large cloven feet.


Message History

The human is no longer distracted by gold.
You barely miss Rupert.
Rupert is heavily wounded.
Your centaur warrior shoots an arrow.
The arrow hits the human!!
The human dies!
Rupert closely misses you.
You puncture Rupert!
Rupert is heavily wounded.
The human is no longer distracted by gold. x3
You block the orc knight's attack. The human completely misses you.
The human is distracted by your dazzling golden aura. x2
Your centaur warrior shoots an arrow.
The arrow closely misses the human.
The arrow hits you!
* * * LOW HITPOINT WARNING * * *
The human shouts! x2
You impale Rupert!!
Rupert is severely wounded.
Rupert hits you with a +2 battleaxe of electrocution.
* * * LOW HITPOINT WARNING * * *
You impale Rupert!!
Rupert is severely wounded.
Rupert hits you but does no damage.
You are electrocuted!
* * * LOW HITPOINT WARNING * * *
The orc knight hits you with a +0 great mace!
* * * LOW HITPOINT WARNING * * *
The human hits you but does no damage. You block the human's attack.
The human hits you but does no damage.
Okay, then.
You are too berserk!
You closely miss Rupert.
Rupert is severely wounded.
The centaur warrior is no longer charmed.
The human is no longer distracted by gold. x3
Okay, then.
You impale Rupert!!
Rupert is almost dead.
Rupert hits you with a +2 battleaxe of electrocution!!
You die...
Rupert roars with triumph.
Your body crumbles into a pile of gold.

. #. #
#.############
#.#............
#...$......$.#
#...........#
#...........#
#.....p@pp..#
#..$.cp@op..#
#....pppp.....#
#......pp.....#
#...............
#.......).......
#..$.c....$..##.
#.............#
#...##........#
##.. ....(!....


You could see Rupert (berserk, poisoned), an orc knight, a centaur warrior, a
yaktaur and 11 humans.

Vanquished Creatures
  Gastronok (D:8)
  A rakshasa (D:13)
  3 boulder beetles
  4 centaur warriors
  6 two-headed ogres
  Sonja (D:10)
  Lodul (D:10)
  5 ugly things
  2 manticores
  5 cyclopes
  An ice statue (D:12)
  5 slime creatures (D:12)
  Maggie (D:8)
  4 gargoyles
  A kobold demonologist (D:12)
  An unseen horror (D:12)
  A komodo dragon (D:9)
  3 trolls
  A merfolk (D:9)
  3 hornets
  A shadow (D:13)
  3 wraiths
  10 yaks
  A vampire (D:12)
  Eustachio (D:6)
  Grum (D:8)
  A steam dragon (D:6)
  Edmund (D:6)
  4 water moccasins
  5 acid dragons
  Duvessa (D:6)
  2 black bears
  8 orc warriors
  2 sky beasts
  An ice beast (D:4)
  11 ogres
  3 wolves (D:8)
  12 centaurs
  A phantom (D:5)
  A kobold brigand (D:10)
  A wyvern zombie (D:7)
  4 bullfrogs
  A gnoll sergeant (D:9)
  A necrophage (D:7)
  Blork the orc (D:6)
  5 scorpions
  Dowan (D:6)
  33 wights
  9 howler monkeys
  A centaur zombie (D:7)
  2 bullfrog zombies (D:7)
  A human zombie (D:7)
  9 orc priests
  3 hounds (D:5)
  2 jellies
  2 sleepcaps
  3 gnoll boudas
  2 iguanas
  6 orc wizards
  2 killer bee zombies (D:7)
  2 howler monkey zombies (D:7)
  22 gnolls
  7 adders
  A white imp (D:7)
  4 ufetubi (D:6)
  3 worms
  11 dart slugs (D:4)
  40 orcs
  6 endoplasms
  2 giant cockroaches
  9 hobgoblins
  6 jackals (D:1)
  3 quokkas
  7 ball pythons
  6 bats
  5 frilled lizards
  4 goblins
  16 kobolds
  3 rats
366 creatures vanquished.

Vanquished Creatures (collateral kills)
  5 humans (D:14)
5 creatures vanquished.

Grand Total: 371 creatures vanquished

Notes
Turn   | Place    | Note
-------+----------+-------------------------------------------
     0 | D:1      | thriggle the Barachi Monk began the quest for the Orb.
     0 | D:1      | Reached XP level 1. HP: 18/18 MP: 1/1
    58 | D:1      | Reached XP level 2. HP: 13/25 MP: 2/2
   144 | D:1      | Reached skill level 1 in Armour
   192 | D:1      | Reached XP level 3. HP: 30/30 MP: 3/3
   377 | D:1      | Reached skill level 1 in Throwing
   460 | D:1      | Gained mutation: You are frail. (-10% HP) [potion of
                  | mutation]
   461 | D:1      | Lost mutation: You are frail. (-10% HP) [potion of
                  | mutation]
   461 | D:1      | Gained mutation: You are frail. (-10% HP) [potion of
                  | mutation]
   461 | D:1      | Gained mutation: Your flesh is cold resistant. (rC+)
                  | [potion of mutation]
   579 | D:2      | Found a radiant altar of Vehumet.
   624 | D:2      | Found a faded altar of an unknown god.
   631 | D:2      | Prayed at the altar of an unknown god.
   631 | D:2      | Became a worshipper of Gozag Ym Sagoz the Greedy
   644 | D:2      | Found Xusyledi's Jewellery Emporium.
   704 | D:2      | Learned a level 2 spell: Scorch
  1038 | D:2      | Reached XP level 4. HP: 24/33 MP: 4/4
  1983 | D:4      | Noticed an ogre
  1983 | D:4      | Found Baunaude's Distillery.
  1988 | D:4      | Killed an ogre
  1989 | D:4      | Reached skill level 1 in Stealth
  1989 | D:4      | Reached skill level 1 in Spellcasting
  1989 | D:4      | Reached XP level 5. HP: 38/38 MP: 2/6
  2035 | D:4      | Bought a potion of curing for 33 gold pieces
  2035 | D:4      | Bought a potion of might for 44 gold pieces
  2035 | D:4      | Bought a potion of brilliance for 44 gold pieces
  2035 | D:4      | Bought a potion of invisibility for 88 gold pieces
  2052 | D:4      | Noticed an ice beast
  2086 | D:4      | Killed an ice beast
  2087 | D:4      | Reached XP level 6. HP: 32/44 MP: 3/8
  2411 | D:4      | Found a shimmering altar of Xom.
  2412 | D:4      | Found an ornate altar of the Wu Jian Council.
  2542 | D:4      | Found a staircase to the Ecumenical Temple.
  2566 | D:4      | Reached skill level 5 in Fighting
  2603 | D:4      | Reached XP level 7. HP: 48/50 MP: 9/9
  3089 | D:4      | Bought a potion of mutation for 88 gold pieces
  3089 | D:4      | Lost mutation: You are frail. (-10% HP) [potion of
                  | mutation]
  3089 | D:4      | Lost mutation: Your flesh is cold resistant. (rC+) [potion
                  | of mutation]
  3089 | D:4      | Gained mutation: You have large cloven feet. [potion of
                  | mutation]
  3093 | D:5      | Entered Level 5 of the Dungeon
  3390 | D:5      | Reached skill level 5 in Dodging
  3820 | D:6      | Reached XP level 8. HP: 59/64 MP: 11/11
  3828 | D:6      | Noticed Edmund
  3862 | D:6      | Killed Edmund
  3877 | D:6      | Reached skill level 5 in Polearms
  4146 | D:6      | Reached skill level 5 in Armour
  4372 | D:6      | Reached XP level 9. HP: 68/71 MP: 10/12
  4410 | D:6      | Noticed Eustachio
  4432 | D:6      | Killed Eustachio
  4443 | D:6      | Noticed Duvessa
  4468 | D:6      | Killed Duvessa
  4469 | D:6      | Reached skill level 5 in Throwing
  4474 | D:6      | Noticed Dowan
  4487 | D:6      | Killed Dowan
  4500 | D:6      | Noticed Blork the orc
  4512 | D:6      | Killed Blork the orc
  4529 | D:6      | Found a stormy altar of Qazlal.
  5343 | D:7      | Identified the +7 trident "Voikydd" {flame, *Rage rCorr
                  | Int-4 SInv}
  5441 | D:7      | Identified the ring of Okawaru, Teaching {AC+4 Slay+4}
  5643 | D:7      | Reached XP level 10. HP: 80/80 MP: 13/13
  5652 | D:7      | Found a basalt altar of Yredelemnul.
  6098 | D:8      | Noticed Maggie
  6109 | D:8      | Killed Maggie
  6249 | D:8      | Noticed a red ugly thing
  6259 | D:8      | Killed a red ugly thing
  6262 | D:8      | Noticed Gastronok
  6427 | D:8      | Noticed Grum
  6442 | D:8      | Killed Grum
  6472 | D:8      | Killed Gastronok
  6473 | D:8      | Reached XP level 11. HP: 72/89 MP: 12/14
  6740 | D:8      | Noticed a two-headed ogre
  6748 | D:8      | Killed a two-headed ogre
  7334 | D:9      | Found a staircase to the Lair.
  7361 | D:9      | Noticed a two-headed ogre
  7371 | D:9      | Killed a two-headed ogre
  7420 | D:9      | Found a staircase to the Orcish Mines.
  7434 | D:9      | Reached skill level 10 in Fighting
  7616 | D:9      | Found a stormy altar of Qazlal.
  7743 | D:9      | Found an opulent altar of Gozag.
  7745 | D:9      | Found a burning altar of Makhleb.
  7821 | D:9      | Identified a scroll of acquirement
  8160 | D:9      | Acquired the +3 warlock's mirror {omnireflect}
  8160 | D:9      | Found the +3 warlock's mirror {omnireflect}
  8220 | D:10     | Entered Level 10 of the Dungeon
  8223 | D:10     | Noticed Lodul
  8247 | D:10     | Reached skill level 1 in Shields
  8254 | D:10     | Killed Lodul
  8306 | D:10     | Noticed a two-headed ogre
  8328 | D:10     | Killed a two-headed ogre
  8357 | D:10     | Reached XP level 12. HP: 86/98 MP: 13/15
  8574 | D:10     | Noticed Sonja
  8591 | D:10     | Killed Sonja
  8753 | D:10     | Found a runed translucent door.
  8755 | D:10     | Noticed a centaur warrior
  8755 | D:10     | Noticed a great orb of eyes
  8756 | D:10     | Noticed a lich
  8756 | D:10     | Noticed MrSquiggles's ghost (journeyman MiFi)
  8763 | D:10     | Found a runed translucent door.
  8989 | D:10     | Noticed a two-headed ogre
  9002 | D:10     | Killed a two-headed ogre
  9020 | D:10     | Reached skill level 10 in Armour
  9311 | D:11     | Noticed a two-headed ogre
  9321 | D:11     | Killed a two-headed ogre
  9587 | D:11     | Noticed a two-headed ogre
  9597 | D:11     | Killed a two-headed ogre
  9705 | D:11     | Reached skill level 5 in Stealth
  9722 | D:11     | Reached skill level 10 in Dodging
 10093 | D:12     | Noticed a centaur warrior
 10103 | D:12     | Killed a centaur warrior
 10213 | D:12     | Noticed a boulder beetle
 10258 | D:12     | Killed a boulder beetle
 10259 | D:12     | Reached skill level 1 in Evocations
 10462 | D:12     | Gained mutation: You can hop long distances. [Barachi
                  | growth]
 10462 | D:12     | Reached XP level 13. HP: 89/106 MP: 14/16
 10513 | D:12     | Reached skill level 5 in Shields
 11250 | D:13     | Noticed a rakshasa
 11273 | D:13     | Killed a rakshasa
 11337 | D:13     | Reached skill level 10 in Polearms
 11645 | D:13     | Found Kehe's Antique Armour Shop.
 11666 | D:13     | Bought a shiny helmet for 217 gold pieces
 12226 | D:14     | Noticed Rupert
 12226 | D:14     | Found a gate to the Vaults.
 12256 | D:14     | Mangled by Rupert

Illustrated notes

Levels and vault maps discovered:
D:1:      minmay_arrival_arboretum_small, layout_rooms
D:2:      wander_river, layout_basic, shapermc_ecumenical_altar_mp_highgroup,
          serial_shops, nicolae_shop_gaudy_bauble, basic_altar,
          grunt_ministairs_3
D:3:      layout_loops_corners, serial_bayou_lagoon_b
D:4:      kennysheep_slugbush, layout_basic, nicolae_overflow_two_pavilions,
          minmay_temple_entry_butterflies, nicolae_stop_n_shop_1
D:5:      layout_loops_ring, minmay_hedge_maze
D:6:      layout_gridville, nicolae_qazlal_scattered_showers, uniq_duvessa,
          uniq_eustachio, uniq_blork_the_orc, uniq_edmund
D:7:      layout_cave_pods, lemuel_mausoleum_altar_yredelemnul, serial_glass,
          glass_columns_c, glass_columns_a, minmay_gold_behind_fungi
D:8:      lemuel_ice_spiral_2, layout_rooms, uniq_maggie, uniq_gastronok,
          uniq_grum
D:9:      layout_irregular_city, chequers_temple_overflow_statue_of_worship,
          david_lair_shrubbed, david_orc_5, roadster_trireme
D:10:     layout_loops_corners, muffindrake_ghost_dual_entry, uniq_lodul,
          uniq_sonja
D:11:     layout_roguey, minmay_fractal_squares_diagonal_5
D:12:     lemuel_ice_statue, layout_basic, grunt_decor_junction
D:13:     layout_cave_pods, serial_shops, nicolae_shop_window_shopping
D:14:     minmay_strange_plus, layout_cave_pools, david_vaults_3,
          ebering_ghost_reflecting_pool

Skill      XL: |  1  2  3  4  5  6  7  8  9 10 11 12 13 |
---------------+----------------------------------------+-----
Armour         | 1 2 3 4 5 7 8 9 10 11 | 11.3
Throwing       | 1 2 3 4 5 7 8 9 |  9.4
Fighting       | 4 5 6 8 9 10 11 | 11.8
Dodging        | 4 5 6 7 8 9 10 | 10.7
Stealth        | 1 2 4 5 6 |  6.4
Spellcasting   | 1 2 |  2.0
Polearms       | 4 5 6 7 8 9 10 | 10.1
Shields        | 2 4 5 |  5.9
Evocations     | 1 3 |  3.6

Action                     |  1- 3 |  4- 6 |  7- 9 | 10-12 | 13-15 || total
---------------------------+-------+-------+-------+-------+-------++-------
  Melee: Spear             |    32 |       |       |       |       ||    32
         Trident           |    60 |   194 |   349 |    42 |     4 ||   649
         Lance             |       |       |       |   553 |   194 ||   747
  Throw: Stone             |     4 |     3 |     1 |    24 |       ||    32
         Dart              |     1 |    11 |    19 |    25 |     5 ||    61
         Boomerang         |       |       |     8 |    25 |     8 ||    41
         Throwing net      |       |       |       |     1 |     1 ||     2
   Cast: Scorch            |       |     1 |       |       |       ||     1
 Invoke: Potion Petition   |       |       |       |       |     1 ||     1
Ability: Hop               |       |     1 |     1 |       |     2 ||     4
  Evoke: Wand              |       |       |       |       |     3 ||     3
    Use: Scroll            |     3 |     6 |     4 |    10 |     2 ||    25
         Potion            |     2 |     1 |     1 |       |     1 ||     5
   Stab: Invisible         |       |       |     1 |     2 |       ||     3
         Distracted        |       |       |     3 |     5 |       ||     8
         Sleeping          |       |       |       |     1 |     3 ||     4
 Armour: Robe              |    17 |       |       |       |       ||    17
         Ring mail         |    16 |   107 |   193 |   228 |   141 ||   685
         Plate armour      |       |       |    27 |       |       ||    27
         Chain mail        |       |       |    11 |       |       ||    11
  Dodge: Dodged            |    45 |   104 |   195 |   238 |    89 ||   671
  Block: Buckler           |       |       |       |    65 |    74 ||   139
         Reflection        |       |       |       |     6 |     6 ||    12

Table legend: (Time is in decaauts)
 A = Elapsed time spent in this place.
 B = Non-inter-level travel time spent in this place.
 C = Inter-level travel time spent in this place.
 D = Time resting spent in this place.
 E = Time spent auto-exploring this place.
 F = Levels seen in this place.
 G = Mean time per level.
                   A        B        C        D        E       F      G
               +--------+--------+--------+--------+--------+-----+--------+
         Total |  13807 |  13251 |    556 |    624 |   7102 |  14 |  986.2 |
       Dungeon |  13807 |  13251 |    556 |    624 |   7102 |  14 |  986.2 |
               +--------+--------+--------+--------+--------+-----+--------+

Top non-repeatable levels by time:
     D:7: 1545 daAuts
    D:12: 1292 daAuts
     D:4: 1284 daAuts
    D:10: 1198 daAuts
     D:9: 1118 daAuts
    D:13: 1099 daAuts
     D:5: 1053 daAuts
     D:6: 1031 daAuts
     D:8: 996 daAuts
     D:3: 893 daAuts
    D:11: 841 daAuts
     D:2: 828 daAuts
     D:1: 607 daAuts
    D:14: 17 daAuts
